 Dungeon Crawl Stone Soup version 0.29.1-4-g47bece8355 (webtiles) character file.

Game seed: 10916800029269911749

611619 zermelo the Conqueror (level 26, -13/266 HPs)
             Began as a Minotaur Berserker on Dec 1, 2022.
             Was the Champion of Trog.
             Mangled by an Orb Guardian (31 damage)
             ... while paralysed
             ... on level 5 of the Realm of Zot on Dec 9, 2022.
             The game lasted 17:13:36 (108696 turns).

zermelo the Conqueror (Minotaur Berserker)        Turns: 108696, Time: 17:13:36

Health: -13/266    AC: 18    Str: 31    XL:     26   Next: 78%
Magic:  11/17      EV:  5    Int: -1    God:    Trog [******]
Gold:   4246       SH:  0    Dex: 16    Spells: 25/25 levels left

rFire   + + .      SeeInvis .   (weapon currently unavailable)
rCold   + + .      Faith    .   (shield currently unavailable)
rNeg    + + +      Spirit   .   (body armour currently unavailable)
rPois   ∞          Reflect  .   (helmet unavailable)
rElec   +          Harm     .   (cloak currently unavailable)
rCorr   +          Rampage  .   (gloves currently unavailable)
Will    ++++.      Rnd*Tele +   (boots currently unavailable)
Stlth   +.........              (amulet currently unavailable)
HPRegen 1.00/turn               (ring currently unavailable)
MPRegen 0.15/turn               (ring currently unavailable)

@: paralysed, wisp-form, strong-willed, vertiginous, on berserk cooldown,
flying, held, regenerating, slowed, lost intelligence, studying 3 skills, unable
to read
A: insubstantial, flying, no casting, tiny, (horns 3), (retaliatory headbutt),
agile 1, dopey 2, (fire resistance 1), low MP 2, strong-willed 1, inhibited
regeneration, teleportitis 1, subdued magic 1, inability to drink after injury 1
}: 3/15 runes: serpentine, barnacled, silver
a: Renounce Religion, Berserk, Trog's Hand, Brothers in Arms


You were on level 5 of the Realm of Zot.
You worshipped Trog.
Trog was exalted by your worship.
You were an insubstantial wisp.
You visited 10 branches of the dungeon, and saw 49 of its levels.
You also visited: Gauntlet, Ice Cave, Wizlab and Desolation.

You collected 7412 gold pieces.
You spent 3166 gold pieces at shops.

Inventory:

Hand Weapons
 x - a +9 broad axe of chaos (melded)
 E - a +5 eveningstar of protection
Missiles
 b - 62 stones (quivered)
 i - 42 poisoned darts
 j - 12 atropa-tipped darts
 F - 10 curare-tipped darts
 Y - 16 silver javelins
Armour
 f - the +1 cloak of Hedge Wizardry (melded) {Rampage rF+ rN+}
   (You found it in a wizard's laboratory)

   rF:        It protects you from fire.
   rN:        It protects you from negative energy.
   Rampage:   It bestows one free step when moving towards enemies.
 m - a +2 pair of boots (melded)
 o - a +5 tower shield of protection (melded)
 z - the +3 Mad Mage's Maulers {Infuse+∞ RegenMP Int-3}
   (You found it in the Desolation of Salt)

   It empowers its wearer's blows with all of their magic.
   It causes its wearer's magical reserves to regenerate more quickly.
   Int:       It affects your intelligence (-3).
 C - +0 gold dragon scales (melded)
 M - a +2 cloak of willpower
 U - the +1 pair of gloves "Qaoph" (melded) {rCorr Str+4 Dex+2}
   (You found it on level 1 of the Depths)

   Str:       It affects your strength (+4).
   Dex:       It affects your dexterity (+2).
   rCorr:     It protects you from acid and corrosion.
Jewellery
 p - a +6 ring of strength
 w - the ring "Calann" {Will+ rCorr Str+6 Int-3}
   (You found it in the Desolation of Salt)

   [ring of willpower]

   Str:       It affects your strength (+6).
   Int:       It affects your intelligence (-3).
   rCorr:     It protects you from acid and corrosion.
   Will:      It increases your willpower.
 A - a ring of protection from cold (melded)
 D - an amulet of reflection (melded)
 S - the ring "Ynihig" (melded) {rC+ Int+4 Slay+3 SInv}
   (You acquired it on level 11 of the Dungeon)

   [ring of see invisible]

   Int:       It affects your intelligence (+4).
   Slay:      It affects your accuracy & damage with ranged weapons and melee
   (+3).
   rC:        It protects you from cold.
   SInv:      It lets you see invisible.
Wands
 n - a wand of charming (24)
 G - a wand of light (29)
 K - a wand of iceblast (29)
 L - a wand of digging (19)
 O - a wand of flame (64)
 Q - a wand of polymorph (21)
 R - a wand of mindburst (15)
Scrolls
 a - 4 scrolls of magic mapping
 q - 14 scrolls of teleportation
 r - 3 scrolls of torment
 u - 8 scrolls of fog
 H - 4 scrolls of blinking
 I - 7 scrolls of silence
 N - 3 scrolls of fear
 T - a scroll of summoning
 W - 2 scrolls of poison
Potions
 c - 13 potions of curing
 e - 5 potions of ambrosia
 g - 2 potions of resistance
 h - 3 potions of might
 k - 4 potions of lignification
 s - 5 potions of haste
 t - 2 potions of magic
 v - 5 potions of invisibility
 V - a potion of cancellation
 Z - 3 potions of heal wounds
Miscellaneous
 d - a phantom mirror
 l - a box of beasts
 y - a condenser vane (inert)
 J - a tin of tremorstones (2/2)


   Skills:
 O Level 27 Fighting
 O Level 27 Axes
 + Level 16.0 Throwing
 O Level 27 Armour
 + Level 14.4 Dodging
 O Level 27 Shields
 + Level 14.4 Evocations


You had 25 spell levels left.
You didn't know any spells.
Your spell library was empty.

Dungeon Overview and Level Annotations

Branches:
Dungeon (15/15)            Temple (0/1) D:6            Lair (5/5) D:8
 Shoals (4/4) Lair:3        Snake (4/4) Lair:3        Slime (2/5) Lair:5
    Orc (2/2) D:11            Elf (3/3) Orc:2        Vaults (5/5) D:14
  Crypt (0/3) Vaults:3     Depths (4/4) D:15            Zot (5/5) Depths:4
  IceCv (visited)          WizLab (visited)         Desolation (visited)
Gauntlet (visited)

Altars:
Ashenzari
Elyvilon
Fedhas
Kikubaaqudgha
Nemelex Xobeh
Okawaru
Ru
Trog
Uskayaw
Vehumet
Wu Jian
Xom
Yredelemnul
Zin
The Shining One
Jiyva

Shops:
D:3 :   D:6 (   D:9 [   D:11 !   D:12 :   D:15 (   Orc:1 ?[![   Orc:2 ([*:
Shoals:3 :   Snake:2 =*   Vaults:1 *   Vaults:5 :   Depths:3 :=:=

Portals:
Hell: Depths:1 Depths:2 Depths:3 Depths:4
Abyss: Depths:1 Depths:3
Pandemonium: Depths:2
Ziggurat: Depths:4

Annotations:
Zot:4 2 transporters, exclusion: orange crystal statue, Jiorhin's ghost, legendary TrBe; wilo's ghost, master MfBe


Innate Abilities, Weirdness & Mutations

You are an insubstantial wisp.
Your tiny insubstantial body is highly resistant to most damage types.
You are flying.
Your equipment is entirely melded.
You are incapable of wielding weapons or throwing items.
You cannot cast spells.
((You have a pair of large horns on your head.))
((You reflexively headbutt those who attack you in melee.))
You are agile. (Dex +4, Str/Int -1)
You are very dopey. (Int -4)
((Your flesh is heat resistant. (rF+)))
Your magical capacity is very low. (-20% MP)
You are strong-willed. (Will+)
You do not regenerate when monsters are visible.
You are occasionally teleported next to monsters.
Your spells are a little easier to cast, but a little less powerful.
You occasionally lose the ability to drink potions when taking damage.


Message History

Your +2 pair of boots melds into your body.
Your +5 tower shield of protection melds into your body.
Your +0 gold dragon scales melds into your body.
The ring "Ynihig" {rC+ Int+4 Slay+3 SInv} melds into your body.
Your ring of protection from cold melds into your body.
Your amulet of reflection melds into your body.
You feel less protected.
You have lost your intelligence.
The Orb Guardian hits you!!
The Orb Guardian is engulfed in blazing flames.
The green draconian is engulfed in blazing flames.
The Orb Guardian is engulfed in blazing flames.
The Killer Klown is engulfed in blazing flames.
The Killer Klown slaps you with a +11 club of electrocution.
The Orb Guardian is engulfed in blazing flames. x2
The Orb Guardian is engulfed in blazing flames.
The green draconian is engulfed in blazing flames.
The Orb Guardian is engulfed in blazing flames.
The Orb Guardian hits you!!
* * * LOW HITPOINT WARNING * * *
The Killer Klown is engulfed in blazing flames.
The Killer Klown hits you with a +11 club of electrocution!
* * * LOW HITPOINT WARNING * * *
The Orb Guardian is engulfed in blazing flames.
The Orb Guardian hits you!
* * * LOW HITPOINT WARNING * * *
The Orb Guardian is engulfed in blazing flames.
The Orb Guardian is engulfed in blazing flames.
The Orb Guardian hits you.
* * * LOW HITPOINT WARNING * * *
The green draconian is engulfed in blazing flames.
The Orb Guardian is engulfed in blazing flames.
The Orb Guardian hits you.
* * * LOW HITPOINT WARNING * * *
The Killer Klown is engulfed in blazing flames.
The Killer Klown pies you viciously! The klown pie hits you!!
Plum!
You feel light-headed.
* * * LOW HITPOINT WARNING * * *
The Orb Guardian hits you!!
You die...

*▓▓▓..,,,,,,,,,,,****
▓▓.....,,............▓▓
.......,,.............▓▓
.......,,..............▓
.D^....,,......^.......▓
.......,,.^...........▓*
.......,,............▓*
)......,,....}.X^...▓▓
.q.....,,..§§§§Xv§..^▓▓
......y,,..§§§§Xpd....▓*
.......,,/.§§§§§§§.^.^.▓
.......,,....§§§§§.....▓
.......,,....^.§§§....▓▓
#▓.....,,......§§§...▓▓
*▓▓▓..,,...........▓▓
#▓▓▓▓▓▓▓▓▓▓▓##^....▓▓
#..^.....,,,,.......**


You could see a Killer Klown, a green draconian and 3 Orb Guardians.

Vanquished Creatures
  4 dread liches
  An ancient lich (Zot:5)
  Tiamat (Zot:1)
  5 orbs of fire
  A juggernaut (Depths:1)
  A shard shrike (IceCv)
  Boris (Depths:3)
  Saint Roka (Snake:2)
  6 Killer Klowns (Zot:5)
  Vashnia (Snake:2)
  2 caustic shrikes (Depths:3)
  14 golden dragons
  Nikola (Snake:1)
  A bone dragon (Depths:4)
  3 doom hounds (Zot:1)
  A Tzitzimitl (Zot:1)
  3 electric golems
  Jorgrun (Shoals:2)
  2 liches (Depths:1)
  19 Orb Guardians (Zot:5)
  17 tentacled monstrosities
  Zenata (Vaults:1)
  5 titans
  3 deep elf blademasters
  2 walking frostbound tomes
  5 quicksilver dragons
  2 deep elf master archers (Elf:3)
  Grunn (Zot:1)
  12 acid blobs
  4 sphinxes
  Polyphemus (Shoals:3)
  4 tentacled starspawn (WizLab)
  Kirke (Shoals:2)
  7 death cobs
  An eldritch tentacle (WizLab)
  Donald (Shoals:3)
  11 shadow dragons
  7 draconian monks
  9 storm dragons
  7 tengu reavers
  An azure jelly (Slime:1)
  7 frost giants
  7 nagarajas
  A rockslime (Slime:1)
  7 fire giants
  2 imperial myrmidons (Desolation)
  6 emperor scorpions
  Aizul (Snake:2)
  6 draconian knights
  17 vault wardens
  An iron dragon (Depths:4)
  4 ghost moths
  7 deep elf sorcerers
  7 draconian scorchers
  2 orc warlords
  5 draconian shifters
  The ghost of littlecub the Fighter, a journeyman DsGl of Hepliaklqana (Snake:2)
  An angel (WizLab)
  The ghost of GigaChad the Severer, a journeyman MiGl of Trog (Depths:1)
  5 deep elf elementalists (Elf:3)
  A balrug (WizLab)
  2 spriggan defenders (Depths:4)
  A broodmother (shapeshifter) (Depths:1)
  A quicksilver ooze (Slime:1)
  4 draconian stormcallers
  14 very ugly things
  16 ironbound preservers
  10 ironbound thunderhulks
  4 draconian annihilators
  A reaper (Zot:1)
  21 stone giants
  5 war gargoyles
  A quicksilver ooze (shapeshifter) (Vaults:4)
  10 black draconians
  11 green draconians
  3 vampire knights
  13 purple draconians
  11 deep elf annihilators
  8 deep elf demonologists
  A minotaur (Gauntlet)
  9 white draconians
  3 spark wasps (Depths:3)
  2 entropy weavers (Vaults:1)
  7 deep elf death magi
  18 red draconians
  15 yellow draconians
  A minotaur (shapeshifter) (Vaults:5)
  A halazid warlock (Desolation)
  11 ettins
  Snorg (D:10)
  9 fire dragons
  6 crystal guardians
  8 great orbs of eyes
  5 merfolk javelineers
  6 merfolk impalers (Shoals:4)
  4 deep elf high priests
  7 ragged hierophants (Desolation)
  13 yaktaur captains
  A boulder beetle (D:12)
  Harold (D:9)
  3 rakshasas
  5 salamander tyrants
  16 ironbound frosthearts
  28 vault guards
  9 ice dragons
  6 servants of whispers
  7 hydras
  A catoblepas (Lair:4)
  7 spriggan air magi
  23 centaur warriors
  15 peacekeepers
  4 ogre magi
  3 alligator snapping turtles
  9 anacondas
  12 two-headed ogres
  5 merfolk avatars
  23 dancing weapons
  2 merfolk aquamancers
  16 naga warriors
  A satyr (Shoals:4)
  15 deep troll shamans
  6 death yaks
  15 tengu warriors
  12 deep troll earth magi
  7 orc high priests
  A vampire mage (Depths:1)
  A shock serpent (shapeshifter) (Depths:1)
  A thrashing horror (WizLab)
  10 naga sharpshooters
  10 shock serpents
  5 spriggan berserkers
  A hell knight (Depths:2)
  17 deep elf knights
  16 iron trolls
  55 deep trolls
  12 salamander mystics
  A shadow wraith (WizLab)
  3 skeletal warriors (D:14)
  9 sea snakes
  An orange crystal statue (IceCv)
  An obsidian statue (WizLab)
  9 lindwurms
  10 wizards
  A flayed ghost (Depths:2)
  28 deep elf zephyrmancers
  18 deep elf archers
  6 glowing orange brains
  17 ironbound convokers
  Pikel (D:4)
  7 naga ritualists
  14 harpies
  25 salamanders
  4 necromancers
  10 orc knights
  11 mana vipers
  3 phantasmal warriors
  26 deep elf pyromancers
  A shining eye (shapeshifter) (Vaults:4)
  56 ugly things
  6 orc sorcerers
  6 wolf spiders
  A worldbinder (WizLab)
  A shining eye (Slime:1)
  3 oklob plants (Zot:3)
  10 manticores
  16 moths of wrath
  3 fauns (Shoals:3)
  6 cyclopes
  12 elephants
  A fire giant skeleton (Vaults:3)
  A black mamba (shapeshifter) (D:14)
  17 vault sentinels
  4 molten gargoyles (Desolation)
  12 merfolk sirens
  A guardian serpent (shapeshifter) (Vaults:4)
  3 torpor snails
  26 black mambas
  13 guardian serpents
  An eye of devastation (Slime:1)
  5 water nymphs
  9 cane toads
  20 naga magi
  2 gargoyles
  2 human zombies (Vaults:3)
  An eye of devastation (shapeshifter) (Elf:3)
  2 yaktaur zombies (Vaults:3)
  Psyche (D:9)
  An unseen horror (WizLab)
  8 komodo dragons
  A komodo dragon (shapeshifter) (Vaults:4)
  14 rime drakes (IceCv)
  A tormentor (Zot:1)
  An ice devil (WizLab)
  2 tengu conjurers
  Maggie (D:7)
  4 freezing wraiths
  A hellwing (WizLab)
  An ancient zyme (WizLab)
  36 yaktaurs
  2 kobold demonologists (D:10)
  22 merfolk
  A meliai (shapeshifter) (D:15)
  A queen bee (shapeshifter) (Elf:1)
  5 trolls
  4 wind drakes
  27 polar bears
  Grinder (D:4)
  9 hornets
  60 saltlings
  15 blink frogs
  43 slime creatures
  A human skeleton (Vaults:3)
  10 snapping turtles
  20 dream sheep
  2 air elementals
  2 wraiths
  14 spriggans
  A yak (shapeshifter) (Depths:3)
  3 vampires
  10 water elementals
  71 yaks
  3 shadows (Gauntlet)
  A wyvern (shapeshifter) (Elf:1)
  5 basilisks
  A golden eye (shapeshifter) (Elf:2)
  5 wyverns
  3 hogs (Shoals:2)
  A steam dragon (shapeshifter) (Vaults:5)
  A steam dragon (D:10)
  3 fire elementals
  4 redbacks
  6 spatial vortices (WizLab)
  5 wargs
  A hell hound (WizLab)
  50 nagas
  4 acid dragons
  Menkaure (D:7)
  An ogre zombie (Vaults:3)
  16 water moccasins
  A floating eye (Depths:4)
  A sky beast (D:7)
  39 orc warriors
  8 black bears
  2 ice beasts
  13 centaurs
  11 ogres
  6 boggarts
  29 wolves
  2 phantoms (D:5)
  A lemure (D:4)
  3 kobold brigands
  13 bullfrogs
  A gnoll sergeant (D:6)
  4 earth elementals
  5 scorpions
  2 necrophages (D:6)
  14 wights
  The ghost of lokiplouj the Trooper, a weakling PaFi (D:4)
  9 killer bees
  3 electric eels
  6 howler monkeys
  3 lava snakes
  A crimson imp (WizLab)
  A hound (D:6)
  28 jellies
  A quasit (WizLab)
  10 orc priests
  A gnoll bouda (D:7)
  5 iguanas
  Terence (D:2)
  21 orc wizards
  3 human simulacra
  11 adders
  23 gnolls
  2 shadow imps
  3 white imps
  2 worms
  3 dart slugs
  90 orcs
  6 ball pythons
  7 bats
  10 endoplasms
  3 giant cockroaches
  6 goblins
  6 hobgoblins
  4 quokkas
  3 training dummies (D:6)
  4 frilled lizards
  34 kobolds
  8 rats
  A lurking horror (WizLab)
  6 starspawn tentacles (WizLab)
2338 creatures vanquished.

Vanquished Creatures (collateral kills)
  Mara (Snake:4)
  A bone dragon (Depths:4)
  2 Orb Guardians (Zot:5)
  Ilsuiw (Shoals:2)
  A nagaraja (Snake:4)
  A draconian knight (Zot:3)
  A draconian monk (Zot:1)
  2 vault wardens (Vaults:5)
  A draconian scorcher (Zot:2)
  A frost giant (Depths:4)
  Louise (Shoals:3)
  A draconian shifter (Zot:4)
  A green draconian (Depths:4)
  A white draconian (Zot:4)
  A black draconian (Depths:4)
  2 red draconians (Depths:4)
  2 merfolk javelineers (Shoals:2)
  A fire dragon (Depths:4)
  A catoblepas (Shoals:3)
  A tengu warrior (Depths:4)
  A naga sharpshooter (Snake:4)
  A spriggan (Depths:4)
  2 oklob plants (Zot:3)
  3 moths of wrath
  A salamander (Snake:2)
  A merfolk siren (Shoals:2)
  A merfolk (Shoals:2)
  2 hornets (Depths:4)
  7 nagas
  A centaur (Lair:2)
44 creatures vanquished.

Vanquished Creatures (others)
  2 Orb Guardians (Zot:5)
  A nagaraja (Snake:3)
  A deep elf death mage (Vaults:5)
  A salamander (shapeshifter) (D:13)
  A saltling (Vaults:4)
  A human (D:9)
  A centaur (D:11)
  A boggart (Elf:1)
  A jelly (Zot:3)
  An orc (D:11)
  A fire vortex (Lair:5)
  118 fungi
  272 plants
  4 starspawn tentacles (WizLab)
406 creatures vanquished.

Grand Total: 2788 creatures vanquished

Notes
Turn   | Place    | Note
-------+----------+-------------------------------------------
     0 | D:1      | zermelo the Minotaur Berserker began the quest for the Orb.
     0 | D:1      | Reached XP level 1. HP: 19/19 MP: 0/0
   668 | D:1      | Reached XP level 2. HP: 26/26 MP: 1/1
  1309 | D:1      | Reached skill level 5 in Axes
  1352 | D:2      | Reached XP level 3. HP: 27/31 MP: 2/2
  1582 | D:2      | Noticed Terence
  1589 | D:2      | Killed Terence
  1590 | D:2      | Reached XP level 4. HP: 24/39 MP: 3/3
  1914 | D:2      | Reached ** piety under Trog
  2181 | D:2      | Found a faded altar of an unknown god.
  2264 | D:3      | Reached XP level 5. HP: 45/45 MP: 4/4
  2541 | D:3      | Found Hotimu's Book Boutique.
  2995 | D:4      | Reached *** piety under Trog
  3011 | D:4      | Reached XP level 6. HP: 46/51 MP: 5/5
  3181 | D:4      | Noticed Grinder
  3208 | D:4      | Killed Grinder
  3572 | D:4      | Reached XP level 7. HP: 52/57 MP: 6/6
  3681 | D:4      | Found a runed translucent door.
  3684 | D:4      | Noticed lokiplouj's ghost (weakling PaFi)
  3696 | D:4      | Killed lokiplouj's ghost
  3697 | D:4      | Reached skill level 10 in Axes
  3701 | D:4      | Identified the +4 flail "Impbane" {speed, Fragile rC+
                  | Dex+2}
  3756 | D:4      | Found an iron altar of Okawaru.
  3957 | D:4      | Noticed Pikel
  3971 | D:4      | Killed Pikel
  3972 | D:4      | Reached XP level 8. HP: 64/64 MP: 7/7
  4324 | D:5      | Entered Level 5 of the Dungeon
  4347 | D:5      | Found a radiant altar of Vehumet.
  4556 | D:5      | Found a sacrificial altar of Ru.
  5438 | D:6      | Found Ekeme's Firing Range.
  5567 | D:6      | Found a broken altar of Ashenzari.
  5670 | D:6      | Identified the +4 long sword of the Spheres {vorpal, rF+}
  5827 | D:6      | Reached XP level 9. HP: 37/70 MP: 1/8
  6095 | D:6      | Reached **** piety under Trog
  6447 | D:6      | Found a staircase to the Ecumenical Temple.
  6550 | D:6      | Found a glowing silver altar of Zin.
  6795 | D:6      | Found a white marble altar of Elyvilon.
  6819 | D:6      | Found a shimmering altar of Xom.
  6826 | D:6      | Found a shimmering altar of Xom.
  6826 | D:6      | Found a shimmering altar of Xom.
  6826 | D:6      | Found a shimmering altar of Xom.
  6829 | D:6      | Found a shimmering altar of Xom.
  7019 | D:6      | Reached skill level 15 in Axes
  8060 | D:7      | Found a bloodstained altar of Trog.
  8061 | D:7      | Noticed Menkaure
  8074 | D:7      | Killed Menkaure
  8375 | D:7      | Noticed Maggie
  8400 | D:7      | Killed Maggie
  9289 | D:7      | Reached skill level 1 in Shields
  9867 | D:7      | Reached skill level 5 in Fighting
  9868 | D:7      | Reached XP level 10. HP: 80/81 MP: 9/9
 10539 | D:8      | Found a staircase to the Lair.
 10892 | D:8      | Reached skill level 5 in Armour
 11015 | D:8      | Reached skill level 1 in Evocations
 11343 | D:8      | Identified the +0 chain mail of Boredom {rN+ SInv}
 11356 | D:8      | Reached skill level 5 in Dodging
 11494 | D:8      | Reached ***** piety under Trog
 11649 | D:8      | Found a glowing golden altar of the Shining One.
 11665 | D:8      | Found a blossoming altar of Fedhas.
 12292 | D:9      | Reached skill level 5 in Shields
 12439 | D:9      | Paralysed by a hornet for 2 turns
 12443 | D:9      | Paralysed by a hornet for 1 turns
 12447 | D:9      | Noticed Harold
 12692 | D:9      | Killed Harold
 12693 | D:9      | Reached XP level 11. HP: 92/92 MP: 6/10
 12697 | D:9      | Noticed a two-headed ogre
 12705 | D:9      | Noticed Psyche
 12765 | D:8      | Killed a two-headed ogre
 12847 | D:9      | Killed Psyche
 13152 | D:9      | Found Vixih's Armour Shop.
 13392 | D:9      | Found an ancient bone altar of Kikubaaqudgha.
 13542 | D:10     | Entered Level 10 of the Dungeon
 14114 | D:10     | Noticed Snorg
 14138 | D:10     | Killed Snorg
 14817 | D:11     | Found Hussea's Distillery.
 14819 | D:11     | Noticed a cyan ugly thing
 14838 | D:11     | Killed a cyan ugly thing
 15233 | D:11     | Noticed a centaur warrior
 15253 | D:11     | Killed a centaur warrior
 15471 | D:11     | Found a staircase to the Orcish Mines.
 15565 | D:11     | Received a gift from Trog
 15978 | D:11     | Identified a scroll of acquirement
 15978 | D:11     | Acquired the ring "Ynihig" {rC+ Int+4 Slay+3 SInv}
 15993 | D:12     | Found Nepluam's Self-Improvement Boutique.
 16079 | D:12     | Noticed a cyan ugly thing
 16091 | D:12     | Killed a cyan ugly thing
 16275 | D:12     | Noticed a boulder beetle
 16290 | D:12     | Killed a boulder beetle
 16291 | D:12     | Reached XP level 12. HP: 105/105 MP: 0/11
 16772 | D:12     | Reached skill level 10 in Fighting
 17143 | Orc:1    | Entered Level 1 of the Orcish Mines
 17143 | Orc:1    | Found Qakekhasec's Distillery.
 17576 | Orc:1    | Paralysed by an orc sorcerer for 4 turns
 17758 | Orc:1    | Paralysed by an orc sorcerer for 5 turns
 17889 | Orc:1    | Found Lohol's Antique Armour Emporium.
 17936 | Orc:1    | Paralysed by an orc sorcerer for 2 turns
 18320 | Orc:1    | Found Quigruawn's Magic Scroll Emporium.
 18328 | Orc:1    | Bought a scroll of enchant weapon for 90 gold pieces
 18384 | Orc:1    | Found Raygath's Antique Armour Boutique.
 18693 | Orc:1    | Bought a glowing plate armour for 754 gold pieces
 18713 | Orc:2    | Entered Level 2 of the Orcish Mines
 18718 | Orc:2    | Noticed an orc high priest
 18719 | Orc:2    | Noticed an orc high priest
 18729 | Orc:2    | Killed an orc high priest
 18730 | Orc:2    | Noticed an orc warlord
 19078 | Orc:2    | Found a staircase to the Elven Halls.
 19096 | Orc:2    | Received a gift from Trog
 19426 | Orc:2    | Reached skill level 10 in Armour
 19532 | Orc:2    | Noticed a stone giant
 19913 | Orc:2    | Killed a stone giant
 20129 | Orc:2    | Noticed an orc high priest
 20261 | Orc:2    | Killed an orc high priest
 20305 | Orc:2    | Noticed an orc high priest
 20567 | Orc:2    | Noticed an orc high priest
 20777 | Orc:2    | Found Luptuppe's Book Shoppe.
 20877 | Orc:2    | Killed an orc high priest
 21161 | Orc:2    | Found Gehug's General Store.
 21387 | Orc:2    | Killed an orc high priest
 21388 | Orc:2    | Reached skill level 10 in Shields
 21388 | Orc:2    | Reached XP level 13. HP: 110/119 MP: 9/12
 21602 | Orc:2    | Noticed a stone giant
 21612 | Orc:2    | Killed a stone giant
 22107 | Orc:2    | Found Gick's Antique Weapon Shoppe.
 22124 | Orc:2    | Found Cips's Antique Armour Shoppe.
 22447 | Orc:2    | Killed an orc warlord
 23008 | Lair:1   | Entered Level 1 of the Lair of Beasts
 23684 | Lair:1   | Identified the +3 demon blade of Xami Visk {vorpal, rPois
                  | rF+} (Trog gifted it to you on level 1 of the Lair of
                  | Beasts)
 23684 | Lair:1   | Received a gift from Trog
 25285 | Lair:2   | Reached skill level 15 in Fighting
 25708 | Lair:2   | Found a blossoming altar of Fedhas.
 26287 | Lair:3   | Found a staircase to the Shoals.
 26882 | Lair:3   | Reached XP level 14. HP: 135/135 MP: 7/13
 27075 | Lair:3   | Found a staircase to the Snake Pit.
 27343 | Lair:3   | Received a gift from Trog
 27551 | Lair:4   | Reached skill level 5 in Evocations
 29157 | Lair:5   | Entered Level 5 of the Lair of Beasts
 29647 | Lair:5   | Found a viscous altar of Jiyva.
 29647 | Lair:5   | Found a staircase to the Slime Pits.
 29752 | Lair:5   | Received a gift from Trog
 30997 | Lair:5   | Received a gift from Trog
 31379 | Lair:5   | Reached XP level 15. HP: 117/141 MP: 9/14
 32111 | D:13     | Found a gate leading to a gauntlet.
 32120 | Gauntlet | Entered a Gauntlet
 32120 | Gauntlet | Found a transporter.
 32120 | Gauntlet | Found a transporter.
 32123 | Gauntlet | Found a transporter.
 32126 | Gauntlet | Found a transporter.
 32137 | Gauntlet | Found a transporter.
 32226 | Gauntlet | Found a transporter.
 32234 | Gauntlet | Found a runed translucent door.
 32239 | Gauntlet | Found a transporter.
 32240 | Gauntlet | Found a transporter.
 32242 | Gauntlet | Found a transporter.
 32242 | Gauntlet | Found a transporter.
 32424 | Gauntlet | Found a runed translucent door.
 32428 | Gauntlet | Found a runed translucent door.
 32443 | Gauntlet | Found a transporter.
 32443 | Gauntlet | Found a transporter.
 34748 | D:14     | Found a gate to the Vaults.
 34924 | D:14     | Received a gift from Trog
 34972 | D:14     | Found an ornate altar of the Wu Jian Council.
 35430 | D:15     | Entered Level 15 of the Dungeon
 35549 | D:15     | Reached skill level 10 in Dodging
 35859 | D:15     | Found a hide-covered altar of Uskayaw.
 36353 | D:15     | Noticed an emperor scorpion
 36362 | D:15     | Found a runed translucent door.
 36375 | D:15     | Found a runed translucent gate.
 36377 | D:15     | Found a runed translucent gate.
 36377 | D:15     | Found a runed translucent gate.
 36379 | D:15     | Found Nofory Melum's Antique Weapon Emporium.
 36379 | D:15     | Noticed an emperor scorpion
 36379 | D:15     | Noticed an emperor scorpion
 36379 | D:15     | Noticed an emperor scorpion
 36379 | D:15     | Noticed an emperor scorpion
 36379 | D:15     | Noticed an emperor scorpion
 36385 | D:15     | Found a runed translucent door.
 36395 | D:15     | Found the +9 staff of Olgreb {rPois∞}
 36463 | D:15     | Reached skill level 15 in Shields
 36733 | D:15     | Found a staircase to the Depths.
 37117 | D:15     | Upgraded the game from 0.29.1-2-gbd0b4ee654 to
                  | 0.29.1-4-g47bece8355
 37366 | Shoals:1 | Entered Level 1 of the Shoals
 38566 | Shoals:2 | Noticed Ilsuiw
 38595 | Shoals:2 | Noticed Kirke
 38604 | Shoals:2 | Killed Kirke
 38605 | Shoals:2 | Reached XP level 16. HP: 152/152 MP: 3/15
 39071 | Shoals:2 | Killed Ilsuiw
 39639 | Shoals:2 | Found a sparkling altar of Nemelex Xobeh.
 39862 | Shoals:2 | Noticed Jorgrun
 39889 | Shoals:2 | Killed Jorgrun
 40347 | Shoals:3 | Noticed Donald
 40691 | Shoals:3 | Noticed Polyphemus
 40704 | Shoals:3 | Killed Polyphemus
 41198 | Shoals:3 | Noticed Louise
 41236 | Shoals:3 | Killed Louise
 41272 | Shoals:3 | Received a gift from Trog
 41565 | Shoals:3 | Killed Donald
 42753 | Shoals:3 | Found Birraghoexi's Vocational Training.
 43093 | Shoals:4 | Entered Level 4 of the Shoals
 43158 | Shoals:4 | Reached skill level 15 in Armour
 44449 | Shoals:4 | Received a gift from Trog
 44452 | Shoals:4 | Identified the +10 rapier "Pink" {spect, Int+4}
 45579 | Shoals:4 | Reached XP level 17. HP: 163/163 MP: 10/16
 45875 | Shoals:4 | Got a barnacled rune of Zot
 46063 | Shoals:4 | Identified the ring of Luj Nonn {Will+ MP+9}
 49052 | Snake:1  | Entered Level 1 of the Snake Pit
 50157 | Snake:1  | Noticed Nikola
 50182 | Snake:1  | Killed Nikola
 51033 | Snake:2  | Received a gift from Trog
 51687 | Snake:2  | Found Xasiorum's Jewellery Boutique.
 51695 | Snake:2  | Bought an amulet of reflection for 510 gold pieces
 51695 | Snake:2  | Found Uhuevej's General Store.
 51718 | Snake:2  | Bought a wand of flame (13) for 145 gold pieces
 52642 | Snake:2  | Found a transporter.
 52737 | Snake:2  | Noticed Vashnia
 52778 | Snake:2  | Killed Vashnia
 53495 | Snake:2  | Noticed Saint Roka
 53517 | Snake:2  | Killed Saint Roka
 53733 | Snake:2  | Noticed littlecub's ghost (journeyman DsGl)
 53738 | Snake:2  | Noticed Aizul
 53748 | Snake:2  | Killed Aizul
 54110 | Snake:2  | Found a transporter.
 54133 | Snake:2  | Found a bloodstained altar of Trog.
 54575 | Snake:3  | Received a gift from Trog
 54576 | Snake:3  | Reached XP level 18. HP: 176/176 MP: 17/17
 57787 | Snake:4  | Entered Level 4 of the Snake Pit
 57960 | Snake:4  | Found a frozen archway.
 57993 | IceCv    | Entered an ice cave
 58579 | IceCv    | Reached ****** piety under Trog
 59348 | IceCv    | Received a gift from Trog
 59401 | IceCv    | Noticed a shard shrike
 59409 | IceCv    | Killed a shard shrike
 59532 | IceCv    | Identified the ring of Egalitarianism {Ice rElec rPois
                  | Will+++ Str-5}
 59953 | Snake:4  | Noticed Mara
 59961 | Snake:4  | Killed Mara
 61392 | Snake:4  | Reached XP level 19. HP: 181/185 MP: 18/18
 61939 | Snake:4  | Received a gift from Trog
 62137 | Snake:4  | Got a serpentine rune of Zot
 63259 | Snake:2  | Killed littlecub's ghost
 63878 | Vaults:1 | Entered Level 1 of the Vaults
 63980 | Vaults:1 | Found a magical portal.
 63998 | WizLab   | Entered The Roulette of Golubria
 63998 | WizLab   | Found a transporter.
 64001 | WizLab   | Found a corrupted altar of Lugonu.
 64109 | WizLab   | Found a corrupted altar of Lugonu.
 64114 | WizLab   | Found a transporter.
 64182 | WizLab   | Found a transporter.
 64196 | WizLab   | Found a transporter.
 64243 | WizLab   | Found a transporter.
 64294 | WizLab   | Found a transporter.
 64311 | WizLab   | Found a transporter.
 64322 | WizLab   | Found a transporter.
 64477 | WizLab   | Found a transporter.
 64551 | WizLab   | Found a transporter.
 64551 | WizLab   | Found a transporter.
 64609 | WizLab   | Found a transporter.
 64609 | WizLab   | Found a transporter.
 64664 | WizLab   | Found a transporter.
 64751 | WizLab   | Found a transporter.
 64751 | WizLab   | Found a transporter.
 64752 | WizLab   | Found a corrupted altar of Lugonu.
 64842 | WizLab   | Found a transporter.
 64943 | WizLab   | Identified the +1 cloak of the Clam {Harm rF- Slay+3}
 64972 | WizLab   | Identified the +1 cloak of Hedge Wizardry {Rampage rF+ rN+}
 65007 | WizLab   | Found a transporter.
 65007 | WizLab   | Found a transporter.
 65262 | WizLab   | Found a transporter.
 65750 | Vaults:1 | Received a gift from Trog
 66335 | Vaults:1 | Noticed Zenata
 66350 | Vaults:1 | Killed Zenata
 66777 | Vaults:1 | Identified the amulet "Orofal" {Faith Dex+6}
 67330 | Vaults:1 | Found Eremm's General Store.
 67815 | Vaults:1 | Reached XP level 20. HP: 174/195 MP: 0/19
 68643 | Vaults:2 | Noticed a dread lich
 68952 | Vaults:2 | Killed a dread lich
 68952 | Vaults:2 | Received a gift from Trog
 71604 | Shoals:3 | Bought a manual of Evocations for 1360 gold pieces
 72600 | Vaults:3 | Reached skill level 10 in Evocations
 72842 | Vaults:3 | Paralysed by a sphinx for 2 turns
 73590 | Vaults:3 | Reached XP level 21. HP: 196/200 MP: 15/20
 74021 | Vaults:3 | Found a staircase to the Crypt.
 74154 | Vaults:4 | Received a gift from Trog
 74189 | Vaults:4 | Reached skill level 1 in Throwing
 74201 | Vaults:4 | Found a crumbling gateway.
 74249 | Desolati | Entered the Desolation of Salt
 75094 | Desolati | Identified the ring of Noorgh {rElec rN+ Str+6 SInv Stlth+}
 75194 | Desolati | Received a gift from Trog
 75228 | Desolati | Reached skill level 5 in Throwing
 75621 | Desolati | Found the +3 Mad Mage's Maulers {Infuse+∞ RegenMP Int-3}
 75625 | Desolati | Identified the ring "Calann" {Will+ rCorr Str+6 Int-3}
 75744 | Desolati | Identified the amulet of Leakofae {Regen+ rCorr}
 75751 | Desolati | Identified the ring "Eziemext" {Drain Fly Int+6 Stlth+}
 75778 | Desolati | Identified the +10 whip of Ru's Displeasure {spect, +Blink
                  | rC++ Dex-2}
 75808 | Desolati | Identified the +6 short sword of Armageddon {drain, *Rage
                  | rF+ Int+2 Dex+3}
 75940 | Desolati | Identified the ring of Xaplauro {rPois Str+4}
 75946 | Desolati | Identified the +3 great sword of Slow Death {freeze, rF+
                  | Int+6}
 76138 | Vaults:4 | Identified the +4 battleaxe of Killer Klown's Curse
                  | {vorpal, rCorr Str-5 Stlth+} (Trog gifted it to you on
                  | level 4 of the Vaults)
 76138 | Vaults:4 | Received a gift from Trog
 77570 | Vaults:5 | Entered Level 5 of the Vaults
 77571 | Vaults:5 | Noticed a golden dragon
 77571 | Vaults:5 | Noticed a golden dragon
 78034 | Vaults:4 | Killed a golden dragon
 78096 | Vaults:4 | Killed a golden dragon
 78377 | Vaults:5 | Received a gift from Trog
 78844 | Vaults:5 | Reached skill level 10 in Throwing
 78844 | Vaults:5 | Reached XP level 22. HP: 183/220 MP: 0/21
 79018 | Vaults:5 | Identified the +0 robe of Joptampu {rElec Dex+4 SInv}
 79101 | Vaults:5 | Noticed a golden dragon
 79406 | Vaults:5 | Killed a golden dragon
 79625 | Vaults:4 | Received a gift from Trog
 79653 | Vaults:5 | Noticed a golden dragon
 79945 | Vaults:5 | Identified the ring "Kujodyss" {Ice rPois Will- Str+3
                  | Int+4}
 80077 | Vaults:5 | Gained mutation: You are partially covered in iridescent
                  | scales. (AC +2) [a shining eye]
 80078 | Vaults:5 | Gained mutation: You are clumsy. (Dex -2) [a shining eye]
 80200 | Vaults:5 | Noticed a dread lich
 80296 | Vaults:5 | Identified the +5 flail "Pohisiz" {vorpal, rF++ Int+4
                  | Dex+5}
 80448 | Vaults:4 | Killed a dread lich
 81265 | Vaults:5 | Killed a golden dragon
 81268 | Vaults:5 | Identified the +12 hand axe of the Dove {flame, Contam rF+
                  | rC+} (Trog gifted it to you on level 5 of the Vaults)
 81268 | Vaults:5 | Received a gift from Trog
 81360 | Vaults:5 | Identified the +0 scale mail "Teogruka" {rF+ rN+++ Dex-2}
 81873 | Vaults:5 | Got a silver rune of Zot
 81893 | Vaults:5 | Identified the +2 plate armour of Exclusion {rN+}
 82232 | Vaults:5 | Found Yturgh Juecze's Book Boutique.
 82240 | Vaults:5 | Identified the +1 cloak of the Ditch-Digger {rCorr Str-4
                  | Dex+2}
 83288 | Depths:1 | Entered Level 1 of the Depths
 83366 | Depths:1 | Found a one-way gate to the infinite horrors of the Abyss.
 83366 | Depths:1 | Found a runed translucent gate.
 83374 | Depths:1 | Lost intelligence.
 83374 | Depths:1 | Gained mutation: You are dopey. (Int -2) [a shining eye]
 83408 | Depths:1 | Found a runed translucent gate.
 83409 | Depths:1 | Found a runed translucent gate.
 83489 | Depths:1 | Noticed GigaChad's ghost (journeyman MiGl)
 83599 | Depths:1 | Found a blossoming altar of Fedhas.
 83813 | Depths:1 | Found a gateway to Hell.
 84874 | Depths:1 | Identified the +1 pair of gloves "Qaoph" {rCorr Str+4
                  | Dex+2}
 84929 | Depths:1 | Killed GigaChad's ghost
 85190 | D:12     | Lost mutation: You are partially covered in iridescent
                  | scales. (AC +2) [potion of mutation]
 85190 | D:12     | Lost mutation: You are dopey. (Int -2) [potion of mutation]
 85190 | D:12     | Gained mutation: You have hidden genetic potential. [potion
                  | of mutation]
 85190 | D:12     | Gained mutation: You passively map a small area around you.
                  | [potion of mutation]
 85190 | D:12     | Gained mutation: Your flesh is heat resistant. (rF+)
                  | [potion of mutation]
 85273 | Orc:2    | Bought a pair of embroidered boots for 195 gold pieces
 85509 | Depths:2 | Noticed a golden dragon
 85698 | Elf:1    | Entered Level 1 of the Elven Halls
 85742 | Elf:1    | Reached XP level 23. HP: 218/229 MP: 1/22
 86392 | Elf:1    | Received a gift from Trog
 87030 | Elf:2    | Paralysed by an air elemental for 1 turns
 87263 | Elf:2    | Found a runed translucent gate.
 87263 | Elf:2    | Found a runed translucent gate.
 87268 | Elf:2    | Found a runed translucent gate.
 87797 | Elf:2    | Received a gift from Trog
 88367 | Elf:3    | Entered Level 3 of the Elven Halls
 88704 | Elf:3    | Identified the +0 robe of Heozo {Rampage rF+ Will+ Str-2}
 88721 | Elf:3    | HP: 11/348 [???[a deep elf demonologist] (9)]
 89844 | Elf:3    | Paralysed by an air elemental for 1 turns
 89870 | Elf:3    | Received a gift from Trog
 90585 | Elf:3    | Identified the +8 halberd "String" {venom, Str+4}
 90827 | Elf:3    | Identified the +4 quarterstaff of Huedd {venom, *Rage rC-
                  | rCorr Int+8}
 90827 | Elf:3    | Identified the ring of Colaag {Ice Drain Will- Str+8
                  | Stlth+}
 91193 | Elf:3    | Identified the +4 pair of boots of Gravity {Harm Drain
                  | +Blink Int+4}
 91556 | Depths:2 | Noticed a juggernaut
 91573 | Depths:1 | Killed a juggernaut
 92134 | Depths:2 | Gained mutation: You possess an exceptional clarity of
                  | mind. [hidden potential]
 92368 | Depths:2 | Received a gift from Trog
 92385 | Depths:1 | Reached XP level 24. HP: 237/242 MP: 1/22
 92554 | Depths:2 | Found a one-way gate leading to the halls of Pandemonium.
 92717 | Depths:2 | Found a glowing silver altar of Zin.
 93844 | Depths:3 | Received a gift from Trog
 94129 | Depths:3 | Noticed Boris
 94146 | Depths:3 | Killed Boris
 94278 | Depths:3 | Found Bitzodgh's Book Shop.
 94461 | Depths:3 | Found Ukemurr's Jewellery Boutique.
 94461 | Depths:3 | Found Ximugym's Book Emporium.
 94593 | Depths:3 | Found Loussetidd's Jewellery Boutique.
 95400 | Depths:4 | Entered Level 4 of the Depths
 96155 | Depths:4 | Received a gift from Trog
 96642 | Depths:4 | Gained mutation: Your flesh is cold resistant. (rC+)
                  | [hidden potential]
 96642 | Depths:4 | Lost mutation: You have hidden genetic potential. [hidden
                  | potential expressed]
 96961 | Depths:4 | Found a one-way gateway to a ziggurat.
 97041 | Depths:4 | Found a gate to the Realm of Zot.
 97073 | Depths:4 | Found a basalt altar of Yredelemnul.
 98246 | Slime:1  | Entered Level 1 of the Pits of Slime
 98522 | Slime:2  | Lost intelligence.
 98522 | Slime:2  | Gained mutation: You are dopey. (Int -2) [a shining eye]
 98524 | Slime:2  | Gained mutation: You are frail. (-10% HP) [a shining eye]
 98767 | Lair:5   | Lost mutation: You possess an exceptional clarity of mind.
                  | [potion of mutation]
 98767 | Lair:5   | Lost mutation: You are clumsy. (Dex -2) [potion of
                  | mutation]
 98767 | Lair:5   | Lost mutation: You are frail. (-10% HP) [potion of
                  | mutation]
 98767 | Lair:5   | Gained mutation: Your flesh is very heat resistant. (rF++)
                  | [potion of mutation]
 98804 | Slime:2  | Gained mutation: Armour fits poorly on your strangely
                  | shaped body. [a shining eye]
 98812 | Slime:1  | Received a gift from Trog
 98957 | Slime:2  | Gained mutation: You are very dopey. (Int -4) [a shining
                  | eye]
 99230 | Snake:1  | Lost mutation: Your flesh is very heat resistant. (rF++)
                  | [potion of mutation]
 99230 | Snake:1  | Lost mutation: Your flesh is heat resistant. (rF+) [potion
                  | of mutation]
 99230 | Snake:1  | Lost mutation: You passively map a small area around you.
                  | [potion of mutation]
 99230 | Snake:1  | Gained mutation: You expend magic power (3 MP) to
                  | strengthen your wands. [potion of mutation]
 99230 | Snake:1  | Gained mutation: Your magical capacity is low. (-10% MP)
                  | [potion of mutation]
 99230 | Snake:1  | Gained mutation: Your spells are a little easier to cast,
                  | but a little less powerful. [potion of mutation]
 99358 | Lair:3   | Lost mutation: Your flesh is cold resistant. (rC+) [potion
                  | of mutation]
 99358 | Lair:3   | Lost mutation: Armour fits poorly on your strangely shaped
                  | body. [potion of mutation]
 99358 | Lair:3   | Gained mutation: You occasionally shout uncontrollably at
                  | your foes. [potion of mutation]
 99358 | Lair:3   | Gained mutation: You are strong-willed. (Will+) [potion of
                  | mutation]
 99486 | D:11     | Bought a potion of mutation for 112 gold pieces
 99486 | D:11     | Lost mutation: You occasionally shout uncontrollably at
                  | your foes. [potion of mutation]
 99486 | D:11     | Lost mutation: You expend magic power (3 MP) to strengthen
                  | your wands. [potion of mutation]
 99486 | D:11     | Gained mutation: You have a pair of large horns on your
                  | head. [potion of mutation]
 99486 | D:11     | Gained mutation: Your flesh is heat resistant. (rF+)
                  | [potion of mutation]
 99486 | D:11     | Lost intelligence.
 99486 | D:11     | Gained mutation: You are agile. (Dex +4, Str/Int -1)
                  | [potion of mutation]
 99797 | Zot:1    | Entered Level 1 of the Realm of Zot
 99964 | Zot:1    | Found the +4 dragonskin cloak
 99964 | Zot:1    | Noticed Tiamat
 99998 | Zot:1    | Killed Tiamat
 99999 | Zot:1    | Reached XP level 25. HP: 253/253 MP: 19/19
100273 | Zot:1    | Noticed Grunn
100789 | Zot:1    | Killed Grunn
101499 | Zot:1    | Reached skill level 15 in Throwing
101763 | Zot:1    | Noticed an orb of fire
101810 | Zot:1    | Killed an orb of fire
105359 | Zot:3    | Identified the +1 chain mail of Red Creativity {rPois Str+8
                  | Dex+2 Stlth-}
105868 | Zot:4    | Found a transporter.
105873 | Zot:4    | Noticed an orb of fire
105886 | Zot:4    | Noticed Jiorhin's ghost (legendary TrBe)
105893 | Zot:4    | Noticed wilo's ghost (master MfBe)
105926 | Zot:4    | Received a gift from Trog
105982 | Zot:4    | Reached XP level 26. HP: 224/264 MP: 19/19
106064 | Zot:4    | Identified the +0 robe of the Desert {Fly rN+ Regen+ Dex+3}
106100 | Zot:4    | Found a transporter.
106107 | Zot:4    | Noticed an ancient lich
106237 | Zot:4    | Identified the +8 long sword "Ofoen" {elec, Int+3}
106257 | Zot:4    | Reached skill level 27 in Fighting
107391 | Zot:5    | Entered Level 5 of the Realm of Zot
108199 | Zot:5    | Noticed a dread lich
108205 | Zot:5    | Noticed a dread lich
108210 | Zot:5    | Killed a dread lich
108211 | Zot:5    | Reached skill level 27 in Armour
108211 | Zot:5    | Noticed an orb of fire
108214 | Zot:5    | Noticed an orb of fire
108215 | Zot:5    | Noticed an orb of fire
108220 | Zot:5    | Gained mutation: You are occasionally teleported next to
                  | monsters. [an orb of fire]
108223 | Zot:5    | Killed a dread lich
108227 | Zot:5    | Gained mutation: You do not regenerate when monsters are
                  | visible. [an orb of fire]
108231 | Zot:5    | Received a gift from Trog
108232 | Zot:5    | Killed an orb of fire
108233 | Zot:5    | Killed an orb of fire
108236 | Zot:5    | Killed an orb of fire
108658 | Zot:5    | Noticed an ancient lich
108659 | Zot:5    | Noticed an orb of fire
108666 | Zot:5    | Killed an ancient lich
108670 | Zot:5    | Gained mutation: You occasionally lose the ability to drink
                  | potions when taking damage. [an orb of fire]
108671 | Zot:5    | Gained mutation: Your magical capacity is very low. (-20%
                  | MP) [an orb of fire]
108673 | Zot:5    | Killed an orb of fire
108683 | Zot:5    | Reached skill level 27 in Axes
108683 | Zot:5    | Reached skill level 27 in Shields
108694 | Zot:5    | Lost intelligence.
108696 | Zot:5    | Mangled by an Orb Guardian

Illustrated notes

Levels and vault maps discovered:
D:1:      lemuel_arrival_muddy, layout_basic, corexii_leaking_fountain,
          grunt_decor_fettered
D:2:      layout_rooms, shapermc_ecumenical_altar_mp_vishouse,
          grunt_ministairs_4, st_stairs_9, uniq_terence
D:3:      layout_rooms, serial_shops, nicolae_shop_stone, kennysheep_path_1
D:4:      layout_loops_cross, general_overflow_altar, serial_glass,
          glass_columns_b, glass_columns_a, glass_columns_a, glass_columns_b,
          glass_columns_a, glass_columns_b, glass_columns_b, glass_columns_b,
          item_on_display_a, feat_on_display, feat_on_display, feat_on_display,
          ebering_ghost_reflecting_pool, eino_small_chamber_without_monster,
          kennysheep_another_room, serial_bayou_crossing, uniq_grinder,
          uniq_pikel
D:5:      layout_gridville, mainiacjoe_overflow_catwalk_spiral,
          minmay_manual_mares
D:6:      kennysheep_kobold_camp, layout_basic, nicolae_elyvilon_peaceful_grove,
          mainiacjoe_overflow_alcove_4, xom_redecorated,
          mainiacjoe_overflow_catwalk, minmay_temple_entry_statues_pillars,
          amcnicky_mini_pool_small, chequers_serial_rivers_room_a,
          nicolae_shop_firing_range
D:7:      layout_loops_corners, trog_butcher_becter, grunt_ministairs_5,
          uniq_menkaure, uniq_maggie
D:8:      layout_rooms, fedhas_altar_1, mainiacjoe_overflow_small_starburst,
          due_lair_maze_entry_diamond
D:9:      layout_big_octagon, tgw_kikubaaqudgha, serial_shops, shop,
          serial_park_tiny_1, hangedman_abyss_or_decor_lesser_grid, uniq_psyche,
          uniq_harold
D:10:     layout_stronghold, uniq_snorg
D:11:     layout_stronghold, david_orc_3, serial_shops,
          nicolae_shop_temple_entry_statues_fountains, grunt_decor_cap,
          nicolae_wwwww, bh_circular_ruins
D:12:     layout_cave_pools, small_statue_intersection, serial_bayou_pond_d,
          nicolae_shop_self_help
D:13:     layout_stronghold, gauntlet_entry_generic
D:14:     layout_basic, david_vaults_1, pdpol_wu_jian_five_deadly_venoms
D:15:     grunt_enter_depths_hoard, layout_loops_ring, serial_shops,
          shop_statue, nicolae_uskayaw_en_pointe,
          minmay_guarded_unrand_staff_of_olgreb
Lair:1:   layout_gridlike, serial_bayou_shore_b, serial_bayou_shore_a,
          serial_bayou_shore_b
Lair:2:   layout_regular_city, lemuel_centaur_altar
Lair:3:   layout_roguey, minmay_shoals_entry_centaurs,
          guppyfry_snake_entry_island
Lair:4:   layout_regular_city, grunt_megastairs_1
Lair:5:   minmay_lair_end_enchanted_forest, layout_gridlike, slime_entry_1,
          guppyfry_lair_drakes, grunt_megastairs_5, infiniplex_staircase_pool
Shoals:1: layout_shoals, nicolae_shoals_seven_spires
Shoals:2: layout_shoals, lemuel_altar_in_water2, uniq_jorgrun, uniq_ilsuiw,
          uniq_kirke
Shoals:3: layout_shoals, nicolae_shop_vocational, uniq_polyphemus, uniq_donald,
          uniq_louise
Shoals:4: shoals_end_simple, layout_shoals
Snake:1:  layout_layer_cave, nicolae_snake_gridmaze_tees, serial_bayou_shore_b,
          uniq_nikola
Snake:2:  cheibrodos_snake_lava_hold, layout_honeycomb,
          gammafunk_ghost_wrathful_warriors, nicolae_snake_gridmaze_big_u,
          minmay_shoptagon, lemuel_fruit_tree, uniq_vashnia, uniq_saint_roka,
          uniq_aizul
Snake:3:  layout_chambers, grunt_megastairs_2, nicolae_triple_integral
Snake:4:  johnstein_snake_rune_scales, layout_cave_town,
          portal_ice_cave_entry_pillars_four, uniq_mara
Slime:1:  layout_caves, cheibrodos_slime_lost_civilization_6
Slime:2:  layout_caves
Orc:1:    layout_caves, serial_shops, shop_coins, shop_statue,
          nicolae_shop_statue_plus, shop, mines_bat_river
Orc:2:    grunt_orc_gardens, layout_caves, grunt_orc_garden, grunt_orc_garden,
          grunt_orc_garden, grunt_orc_garden, hellmonk_guarded_unrand_dark_maul
Elf:1:    layout_loops_cross, hangedman_elf_disciples
Elf:2:    nicolae_elf_blades_splatter_lattice [grunt_blade_entry_basic],
          layout_geoelf_octagon
Elf:3:    grunt_elf_hall_asides, layout_loops_corners
Vaults:1: infiniplex_enter_wizlab_spiral, ontoclasm_vaults_misaligned,
          nicolae_vaults_twisting_passages, nicolae_vaults_circle_grid_a,
          ontoclasm_vaults_twist, grunt_vaults_hallway_long,
          vaults_mumra_minichess_inversion, v_misc_14, v_alt_pattern_4,
          vaults_dpeg_cross, st_lines, vaults_standard_mumra_enter_the_diamond,
          grunt_vaults_twisty, ontoclasm_vaults_chip, layout_vaults_ring,
          serial_shops, shop, uniq_zenata
Vaults:2: vaults_standard_mumra_x, nicolae_vaults_specimen_jars,
          hangedman_vaults_hat, v_alt_pattern_5, hangedman_vaults_locks,
          st_smaller_cells, nicolae_vaults_bisected_slash,
          nicolae_vaults_network_quinsquares
          [nicolae_vaults_network_quincunx_subvault,
          nicolae_vaults_network_quincunx_subvault,
          nicolae_vaults_network_quincunx_subvault,
          nicolae_vaults_network_quincunx_subvault], v_misc_26, v_misc_25,
          nicolae_vaults_little_squares_6, ontoclasm_vaults_ring_small,
          ontoclasm_vaults_fault, vaults_dpeg_ring, layout_vaults_maze_snakey
Vaults:3: v_misc_10, nicolae_vaults_little_ls, nicolae_vaults_border_crossing,
          nicolae_vaults_big_angled_halls, dpeg_vaults_monster_row,
          vaults_room_grid, ontoclasm_vaults_chip, layout_vaults_omnigrid
Vaults:4: portal_desolation_entry_salt, ontoclasm_vaults_gallery,
          vaults_standard_mumra_enter_the_diamond, nicolae_vaults_back_hallway,
          v_misc_26, grunt_vaults_hallway_short, vaults_room_door_ring,
          ontoclasm_vaults_misaligned, vaults_dpeg_diagonal,
          layout_vaults_chaotic_city
Vaults:5: serial_shops
Depths:1: layout_gridlike, lemuel_doored_altar, ebering_ghost_rock_garden,
          abyss_entry, hell_entry, minmay_fractal_squares_gapless_7
Depths:2: minmay_ambush_box, layout_honeycomb, pf_coc_iceberg, pan_entry,
          drop_trap, zin_statuary
Depths:3: minmay_blocking_statues, layout_cave_pools, serial_shops, shop,
          hangedman_geh_valley, serial_bayou_lagoon_a,
          nicolae_abyss_entry_one_way_or_another, infiniplex_staircase_zigzag_5,
          minmay_shop_grove, uniq_boris
Depths:4: grunt_zot_entry_alcove, layout_long_grid, enter_ziggurat_f,
          grunt_hell_entry_dis_grunt, yredelemnul_altar_generic,
          onia_ninara_cookie
Zot:1:    layout_basic, uniq_tiamat, uniq_grunn
Zot:2:    layout_cellular_growth, bh_zot_lava_cross, lemuel_elevator
Zot:3:    lemuel_acid_trip, layout_onion_interference
Zot:4:    layout_misc_corridors, nzn_ghost_randoct
Zot:5:    layout_gridlike

Skill      XL: |  1  2  3  4  5  6  7  8  9 10 11 12 13 14 15 16 17 18 19 20 21 22 23 24 25 26 |
---------------+-------------------------------------------------------------------------------+-----
Axes           | 4 5 6 8 9 11 14 16 18 20 21 22 23 24 25 27 | 27.0
Fighting       | 5 7 9 12 15 16 17 19 20 21 23 24 25 26 27 | 27.0
Armour         | 4 6 8 10 12 14 15 16 22 23 24 25 26 27 | 27.0
Dodging        | 3 5 7 8 10 11 12 13 14 | 14.4
Shields        | 1 5 7 10 12 13 15 16 18 20 21 22 23 24 25 27 | 27.0
Evocations     | 3 4 7 8 13 14 | 14.4
Throwing       | 10 14 16 | 16.0

Action                   |  1- 3 |  4- 6 |  7- 9 | 10-12 | 13-15 | 16-18 | 19-21 | 22-24 | 25-27 || total
-------------------------+-------+-------+-------+-------+-------+-------+-------+-------+-------++-------
Melee: Hand axe          |    67 |   198 |   303 |       |       |       |       |       |       ||   568
       Headbutt          |    10 |    23 |    72 |   141 |   276 |   346 |   401 |   393 |   277 ||  1939
       Punch             |       |     1 |     5 |       |       |       |       |       |       ||     6
       War axe           |       |       |    94 |   654 |   244 |       |       |       |       ||   992
       Broad axe         |       |       |       |       |   641 |  1387 |  1267 |  1295 |   727 ||  5317
       Morningstar       |       |       |       |       |   178 |       |       |       |       ||   178
Throw: Dart              |       |       |     4 |     2 |     8 |    21 |    11 |       |       ||    46
       Stone             |       |       |       |       |       |       |     5 |    56 |   130 ||   191
       Throwing net      |       |       |       |       |       |       |       |     1 |       ||     1
Invok: Berserk           |     1 |     1 |     6 |    11 |     6 |     8 |     5 |     5 |     5 ||    48
       Brothers in Arms  |       |       |       |       |       |     5 |     5 |     3 |     2 ||    15
       Trog's Hand       |       |       |       |       |       |     6 |    11 |    14 |     8 ||    39
Evoke: Wand              |       |       |       |    30 |    25 |    19 |       |    13 |       ||    87
       Condenser vane    |       |       |       |       |       |       |     2 |    11 |     5 ||    18
       Phantom mirror    |       |       |       |       |       |       |     1 |     2 |     1 ||     4
       Tin of tremorston |       |       |       |       |       |       |       |     3 |     6 ||     9
       Box of beasts     |       |       |       |       |       |       |       |     1 |     1 ||     2
  Use: Scroll            |       |       |    17 |    13 |    12 |    15 |     7 |    13 |     6 ||    83
       Potion            |       |       |       |     4 |     1 |    14 |     2 |    17 |     3 ||    41
 Stab: Invisible         |       |       |       |       |       |     1 |       |       |     5 ||     6
       Distracted        |       |       |       |       |       |       |     2 |     2 |     1 ||     5
       Betrayed ally     |       |       |       |       |       |       |       |     1 |       ||     1
       Confused          |       |       |       |       |       |       |       |       |     9 ||     9
       Paralysed         |       |       |       |       |       |       |       |       |     1 ||     1
       Petrifying        |       |       |       |       |       |       |       |       |     1 ||     1
Armor: Animal skin       |     3 |       |       |       |       |       |       |       |       ||     3
       Plate armour      |    22 |   128 |   153 |   308 |   383 |   427 |   333 |   103 |       ||  1857
       Scale mail        |     2 |       |       |       |       |       |       |       |       ||     2
       Ring mail         |     1 |       |       |       |       |       |       |       |       ||     1
       Gold dragon scale |       |       |       |       |       |       |       |   331 |   185 ||   516
Dodge: Dodged            |    34 |    64 |    75 |   129 |   209 |   263 |   223 |   279 |   196 ||  1472
       Repelled          |       |       |       |       |       |    19 |       |       |       ||    19
Block: Tower shield      |       |       |    14 |   486 |   739 |  1243 |  1305 |  1501 |   761 ||  6049
       Reflection        |       |       |       |       |       |    78 |   135 |   169 |    28 ||   410
